 Dungeon Crawl Stone Soup version 0.29-a0-284-gf9362112df (webtiles) character file.

Game seed: 11583155527247672314

58 pickled the Cudgeller (level 4, -1/44 HPs)
             Began as an Ogre Warper on Mar 23, 2022.
             Slain by a goblin
             ... wielding a +0 spear
              (3 damage)
             ... on level 2 of the Dungeon.
             The game lasted 00:02:00 (1741 turns).

pickled the Cudgeller (Ogre Warper)                 Turns: 1741, Time: 00:02:00

Health: -1/44      AC:  3    Str: 15    XL:     4   Next: 2%
Magic:  7/7        EV:  9    Int: 16    God:
Gold:   53         SH:  0    Dex:  8    Spells: 7/7 levels left

rFire   . . .      SeeInvis .   a - +0 mace
rCold   . . .      Faith    .   (no shield)
rNeg    . . .      Spirit   .   b - +0 robe
rPois   .          Reflect  .   (helmet restricted)
rElec   .          Harm     .   (no cloak)
rCorr   .          Rampage  .   (gloves unavailable)
Will    .....                   (boots unavailable)
Stlth   +.........              (no amulet)
HPRegen 0.14/turn               (no ring)
MPRegen 0.10/turn               (no ring)

@: lethally poisoned (-1 -> -9), slowed, very slow
A: large, unfitting armour, tough skin 1
a: no special abilities


You were on level 2 of the Dungeon.
You visited 1 branch of the dungeon, and saw 2 of its levels.

You collected 53 gold pieces.

Inventory:

Hand Weapons
 a - a +0 mace (weapon)
Missiles
 d - 5 boomerangs of dispersal (quivered)
Armour
 b - a +0 robe (worn)
Scrolls
 c - a scroll of blinking
 e - a scroll of identify {unknown}
Potions
 f - a potion of curing {unknown}
 g - a potion of haste {unknown}
 h - a potion of flight {unknown}
 i - a potion of berserk rage {unknown}


   Skills:
 - Level 2.6 Fighting
 + Level 3.8 Maces & Flails
 - Level 1.0 Throwing
 - Level 2.1 Dodging
 - Level 2.4 Spellcasting
 - Level 2.6 Translocations


You had 7 spell levels left.
You didn't know any spells.
Your spell library contained the following spells:

 Spells                   Type           Power      Damage    Failure   Level
 Blink                    Tloc           20%        N/A       10%         2
 Gell's Gravitas          Tloc           10%        N/A       21%         3
 Lesser Beckoning         Tloc           10%        N/A       21%         3
 Teleport Other           Tloc           10%        N/A       21%         3
 Corpse Rot               Necr/Air       2%         N/A       30%         2
 Poisonous Vapours        Pois/Air       2%         N/A       30%         2
 Manifold Assault         Tloc           10%        N/A       88%         5


Dungeon Overview and Level Annotations

Branches:
Dungeon (2/15)

Altars:


Innate Abilities, Weirdness & Mutations

You are too large for most types of armour.
You have tough skin. (AC +1)


Message History

A goblin is nearby!
The goblin shouts!
The goblin throws a curare-tipped dart.
The curare-tipped dart hits you.
You are poisoned.
You have difficulty breathing.
You feel yourself slow down.
You see here a jackal corpse.
You feel very sick.
The goblin throws a curare-tipped dart.
The curare-tipped dart barely misses you.
Items here: ( ) ÷÷.
You feel sick.
The goblin throws a curare-tipped dart.
The curare-tipped dart barely misses you.
You see here a jackal corpse.
You feel sick.
You feel sick.
You feel sick.
You feel sick.
You are no longer poisoned.
You start resting.
The goblin misses you.
Throw: 7 boomerangs (disperse)
Press: ? - help, Q - select action Shift-Dir - straight line, f - goblin
Aim: a goblin, wielding a +0 spear, wearing a +0 ring mail and quivering curare-tipped darts (50% to hit)
You throw a boomerang of dispersal.
The boomerang of dispersal hits the goblin.
The goblin blinks!
You feel yourself speed up.
The goblin throws a curare-tipped dart.
The curare-tipped dart hits you.
You are poisoned.
You have difficulty breathing.
* * * LOW HITPOINT WARNING * * *
You feel yourself slow down.
Throw: 6 boomerangs (disperse)
Press: ? - help, Q - select action Shift-Dir - straight line, f/p - goblin
Aim: a goblin, wielding a +0 spear, wearing a +0 ring mail and quivering curare-tipped darts (heavily wounded, 50% to hit)
You throw a boomerang of dispersal.
The boomerang of dispersal closely misses the goblin.
* * * LOW HITPOINT WARNING * * *
You feel very sick.
The goblin hits you from afar with a +0 spear.
You die...

############
#...#......##############
#...#................[...
#...#.........###########
#...#.....[...#
##..#....÷....#
#..####@##...#
#.........####
#######.#g.# #.##.#
#.##†# #.##)######
#.##......# #.###.....#
..##.###.....#.......


You could see a goblin.

Vanquished Creatures
  Natasha (D:2)
  3 ball pythons
  3 giant cockroaches (D:1)
  3 hobgoblins
  4 jackals (D:2)
  4 bats
  5 frilled lizards
  2 goblins (D:1)
  2 kobolds
  4 rats
31 creatures vanquished.

Notes
Turn   | Place    | Note
-------+----------+-------------------------------------------
     0 | D:1      | pickled the Ogre Warper began the quest for the Orb.
     0 | D:1      | Reached XP level 1. HP: 22/22 MP: 3/3
    86 | D:1      | Reached skill level 2 in Maces & Flails
   359 | D:1      | Reached XP level 2. HP: 24/29 MP: 5/5
  1074 | D:2      | Noticed Natasha
  1088 | D:2      | Killed Natasha
  1089 | D:2      | Reached skill level 3 in Maces & Flails
  1089 | D:2      | Reached XP level 3. HP: 3/36 MP: 6/6
  1656 | D:2      | Reached XP level 4. HP: 31/44 MP: 7/7
  1741 | D:2      | HP: 2/44 [poisoned by a goblin (curare-tipped dart)]
  1741 | D:2      | Slain by a goblin

Illustrated notes

Levels and vault maps discovered:
D:1:      matt_arrival_diagonals, layout_basic, minmay_pentomino_x4
D:2:      layout_basic, serial_shops, shop_fountains, minmay_circled_x,
          uniq_crazy_yiuf_cottage, uniq_natasha

Skill      XL: |  1  2 |
---------------+-------+-----
Maces & Flails | 2 3 |  3.8
Fighting       | |  2.6
Throwing       | |  1.0
Dodging        | |  2.1
Spellcasting   | |  2.4
Translocations | |  2.6

Action                   |  1- 3 |  4- 6 || total
-------------------------+-------+-------++-------
Melee: Mace              |   107 |     4 ||   111
Throw: Boomerang         |       |     2 ||     2
Armor: Robe              |    51 |     1 ||    52
Dodge: Dodged            |    68 |     5 ||    73

Table legend: (Time is in decaauts)
 A = Elapsed time spent in this place.
 B = Non-inter-level travel time spent in this place.
 C = Inter-level travel time spent in this place.
 D = Time resting spent in this place.
 E = Time spent auto-exploring this place.
 F = Levels seen in this place.
 G = Mean time per level.
                   A        B        C        D        E       F      G
               +--------+--------+--------+--------+--------+-----+--------+
         Total |   1783 |   1706 |     77 |    213 |   1232 |   2 |  891.5 |
       Dungeon |   1783 |   1706 |     77 |    213 |   1232 |   2 |  891.5 |
               +--------+--------+--------+--------+--------+-----+--------+

Top non-repeatable levels by time:
     D:1: 1031 daAuts
     D:2: 752 daAuts
